 Dungeon Crawl Stone Soup version 0.31-a0-662-g684573625c (webtiles) character file.

Game seed: 1473973116589727971

73 Maratek the Trooper (level 4, -2/35 HPs)
             Began as a Demonspawn Fighter on Aug 31, 2023.
             Slain by a gnoll
             ... wielding a +0 vampiric halberd
              (5 damage)
             ... on level 3 of the Dungeon.
             The game lasted 00:02:35 (1940 turns).

Maratek the Trooper (Demonspawn Fighter)            Turns: 1940, Time: 00:02:36

Health: -2/35      AC: 11    Str: 19    XL:     4   Next: 8%
Magic:  4/4        EV: 10    Int:  9    God:
Gold:   193        SH:  4    Dex: 12    Spells: 3/3 levels left

rFire   . . .        a - +0 long sword
rCold   . . .        c - +0 buckler
rNeg    . . .        j - +1 chain mail {rPois}
rPois   +            (no helmet)
rElec   .            e - +0 cloak
rCorr   .            (no gloves)
SInv    .            (no boots)
Will    .....        (no amulet) Stlth
                     (no ring)
HPRegen 0.25/turn    (no ring)
MPRegen 0.09/turn

%: no passive effects
@: no status effects
A: repulsion field 2
a: no special abilities


You were on level 3 of the Dungeon.
You visited 1 branch of the dungeon, and saw 3 of its levels.

You collected 193 gold pieces.

Inventory:

Hand Weapons
 a - a +0 long sword (weapon)
Armour
 c - a +0 buckler (worn)
 e - a +0 cloak (worn)
 j - a +1 chain mail of poison resistance (worn)
Scrolls
 f - a scroll of immolation {unknown}
 g - a scroll of noise {unknown}
 h - 2 scrolls of enchant armour {unknown}
 i - a scroll of fear {unknown}
 l - a scroll of amnesia {unknown}
 n - a scroll of teleportation {unknown}
 o - a scroll of identify {unknown}
 r - a scroll of vulnerability {unknown}
 s - a scroll of brand weapon {unknown}
 t - 3 scrolls of torment {unknown}
Potions
 b - a potion of magic {unknown}
 d - a potion of might
 k - a potion of heal wounds {unknown}
 m - a potion of berserk rage {unknown}
 p - a potion of attraction {unknown}
 q - a potion of curing {unknown}


   Skills:
 + Level 3.3 Fighting
 + Level 2.7 Long Blades
 + Level 3.3 Armour
 + Level 0.3 Dodging
 + Level 0.1 Stealth
 + Level 3.0 Shields


You had 3 spell levels left.
You didn't know any spells.
Your spell library was empty.

Dungeon Overview and Level Annotations

Branches:
Dungeon (3/15)

Altars:
Hepliaklqana

Shops:
D:1 (   D:2 !   D:3 :


Innate Abilities, Weirdness & Mutations

You are surrounded by a moderate repulsion field. (EV +3)


Message History

You hit the gnoll but do no damage.
The gnoll hits you but does no damage. x2
You slash the gnoll!
The gnoll is heavily wounded.
The gnoll hits you with a +0 spear. The gnoll closely misses you.
You barely miss the gnoll.
The gnoll is heavily wounded.
The gnoll misses you.
The gnoll hits you from afar with a +0 vampiric halberd.
The gnoll closely misses you.
The gnoll hits you from afar with a +0 vampiric halberd.
You hit the gnoll.
The gnoll is severely wounded.
The gnoll hits you with a +0 spear.
The gnoll hits you from afar with a +0 vampiric halberd!
You are too injured to fight recklessly!
You are too injured to fight recklessly!
You are too injured to fight recklessly!
You barely miss the gnoll.
The gnoll is severely wounded.
You block the gnoll's attack. x2
You hit the gnoll but do no damage.
The gnoll is severely wounded.
The gnoll barely misses you. You block the gnoll's attack.
The gnoll barely misses you. The gnoll hits you but does no damage.
You completely miss the gnoll.
The gnoll is severely wounded.
You block the gnoll's attack. The gnoll barely misses you.
You hit the gnoll.
The gnoll is almost dead.
The gnoll hits you but does no damage. The gnoll closely misses you.
You hit the gnoll.
You kill the gnoll!
The gnoll hits you from afar with a +0 vampiric halberd.
* * * LOW HITPOINT WARNING * * *
The gnoll hits you from afar with a +0 vampiric halberd.
* * * LOW HITPOINT WARNING * * *
You have reached level 4!
You feel stronger.
The gnoll hits you with a +0 vampiric halberd.
You die...

####......##.....(#.# #..#
..##.####.....#####.#####..##.#
.....########.#...............#
..#.†...# #.#.#<....##..#####
....###.# #...#####.##..#
........# ###...........#
##........ .#...##.###.#
.######### #.####.##.# #.# ..##
#.gg@.....# #.# ...##
######.#### #.# ....##
######...# ##.## .....##
#.....##.###...# ......##
#.###.##..##...#
.......######.# #.#........#
..............# #.#.#.###..#
......#.#########.#.#.###..#
.....##.# #.....#.#.#......#


You could see 2 gnolls.

Vanquished Creatures
  A gnoll (D:3)
  2 adders
  A dart slug (D:1)
  3 ball pythons (D:2)
  2 bats (D:1)
  4 endoplasms
  2 giant cockroaches
  5 goblins
  5 hobgoblins
  3 kobolds
  2 quokkas
  5 frilled lizards
  7 rats
42 creatures vanquished.

Notes
Turn   | Place    | Note
-------+----------+-------------------------------------------
     0 | D:1      | Maratek the Demonspawn Fighter began the quest for the Orb.
     0 | D:1      | Reached XP level 1. HP: 18/18 MP: 1/1
    72 | D:1      | Gained mutation: You are surrounded by a mild repulsion
                  | field. (EV +2) [demonic ancestry]
    72 | D:1      | Reached XP level 2. HP: 17/24 MP: 2/2
   119 | D:1      | Found Teficeid's Weapon Boutique.
   703 | D:2      | Gained mutation: You are surrounded by a moderate repulsion
                  | field. (EV +3) [demonic ancestry]
   703 | D:2      | Reached XP level 3. HP: 29/29 MP: 3/3
   824 | D:2      | Found Buvad's Distillery.
  1501 | D:3      | Found a hazy altar of Hepliaklqana.
  1633 | D:3      | Found Kaxuisuall's Book Emporium.
  1940 | D:3      | Reached XP level 4. HP: 3/35 MP: 4/4
  1940 | D:3      | Slain by a gnoll

Illustrated notes

Levels and vault maps discovered:
D:1:      lightli_arrival_maybe_door_vault, layout_loops_ring, serial_shops,
          nicolae_shop_bloodbath_and_beyond, st_stairs_2
D:2:      layout_basic, serial_shops, nicolae_shop_peninsula
D:3:      layout_basic, overflow_temple_1_default, serial_shops,
          nicolae_shop_tiny_glass, lightli_corner_chamber

Skill      XL: |  1  2 |
---------------+-------+-----
Armour         | 3 |  3.3
Shields        | 3 |  3.0
Long Blades    | 2 |  2.7
Fighting       | |  3.3
Dodging        | |  0.3
Stealth        | |  0.1

Action                     |  1- 3 |  4- 6 || total
---------------------------+-------+-------++-------
  Melee: Long sword        |   113 |       ||   113
 Armour: Scale mail        |    29 |       ||    29
         Chain mail        |    37 |     1 ||    38
  Dodge: Dodged            |    57 |       ||    57
  Block: Buckler           |    30 |       ||    30

Table legend: (Time is in decaauts)
 A = Elapsed time spent in this place.
 B = Non-inter-level travel time spent in this place.
 C = Inter-level travel time spent in this place.
 D = Time resting spent in this place.
 E = Time spent auto-exploring this place.
 F = Levels seen in this place.
 G = Mean time per level.
                   A        B        C        D        E       F      G
               +--------+--------+--------+--------+--------+-----+--------+
         Total |   1975 |   1955 |     20 |      0 |   1528 |   3 |  658.3 |
       Dungeon |   1975 |   1955 |     20 |      0 |   1528 |   3 |  658.3 |
               +--------+--------+--------+--------+--------+-----+--------+

Top non-repeatable levels by time:
     D:2: 797 daAuts
     D:1: 710 daAuts
     D:3: 467 daAuts
